cohdb
Replays
Latest Replays
All Replays
Popular Replays
Top Player Replays
Match Explorer
How It Works
Community
CoH3 Stats
Reddit
Sign in to upload your games and track your stats! →
Sign in with Steam
Match 46008454
Unlisted
Match 46008454
Overview
Messages
Build Orders
End
Engineer Squad
Construct Weapon Support Center
M1919 Machine Gun Team
Bazooka Squad
M1919 Machine Gun Team
Selects Heavy Weapons
Selects Assault Carriers
Air Support Center
Infantry Support Center
M3 Assault Carrier
M3 Assault Carrier
Engineer Squad
Selects M2HB .50cal Heavy Machine Gun
Construct Tank Depot
Bazooka Squad
M4(105) Sherman Bulldozer
Engineer Squad
M18 Hellcat Tank Destroyer
Selects Gallant Stand
Selects Black Dragon Artillery Barrage
Selects Halftrack Strongpoints
Scout Squad
Black Dragon Artillery Barrage
M18 Hellcat Tank Destroyer
Captain Retinue
stunta
matrix4x4
King
MothMan
[PER]Buccefalo
JI
Voyage to Death
mostwantx
0
0
Comments
sign in to comment!
No comments posted yet!